 Dungeon Crawl Stone Soup version 0.21.1-1-g345015f (webtiles) character file.

309 Monsterracer the Insei (level 6, 0/42 HPs)
             Began as an Octopode Monk on Feb 13, 2018.
             Slain by Natasha (1 damage)
             ... on level 3 of the Dungeon.
             The game lasted 00:05:17 (2938 turns).

Monsterracer the Insei (Octopode Monk)              Turns: 2938, Time: 00:05:18

Health: 0/42       AC:  1    Str: 10    XL:     6   Next: 41%
Magic:  6/6        EV: 14    Int: 15    God:
Gold:   191        SH:  0    Dex: 14    Spells: 5/5 levels left

rFire    . . .     SeeInvis .     - Unarmed
rCold    . . .     Gourm    +   (no shield)
rNeg     . . .     Faith    .   (helmet restricted)
rPois    .         Spirit   .   e - amulet of the gourmand
rElec    .         Reflect  .   (no ring)
rCorr    .         Harm     .   (no ring)
MR       .....                  (no ring)
Stlth    +++.......             (no ring)
HPRegen  0.14/turn              (no ring)
MPRegen  0.10/turn              (no ring)
                                (no ring)
                                (no ring)

@: slowed, invisible, very slow
A: almost no armour, stealthy swim, amphibious, 8 rings, constrict 8, camouflage
1, gelatinous body 1
a: no special abilities


You were on level 3 of the Dungeon.
You were not hungry.

You visited 1 branch of the dungeon, and saw 3 of its levels.
You also visited: Sewer.

You collected 191 gold pieces.

Inventory:

Jewellery
 e - an amulet of the gourmand (around mantle)
Wands
 l - a wand of enslavement (16)
Scrolls
 a - a scroll of remove curse
 d - a scroll of amnesia
 f - 2 scrolls of enchant armour
 j - a scroll of blinking
Potions
 b - a potion of agility
 k - a potion of mutation {!q}
Comestibles
 c - 3 rations


   Skills:
 + Level 3.3 Fighting
 + Level 3.3 Dodging
 + Level 3.4 Stealth
 * Level 6.4 Unarmed Combat


You had 5 spell levels left.
You didn't know any spells.

Dungeon Overview and Level Annotations

Branches:
Dungeon (3/15)

Altars:
Kikubaaqudgha
Qazlal
Vehumet

Annotations:
D:3 Natasha


Innate Abilities, Weirdness & Mutations

You cannot wear most types of armour.
You are very stealthy in the water. (Stealth+)
You are amphibious.
You can wear up to eight rings at the same time.
You can use your tentacles to constrict eight enemies at once.
Your skin changes colour to match your surroundings (Stealth+).
Your rubbery body absorbs attacks. (AC +1, EV +1)


Message History

j - a scroll of blinking The giant cockroach is too close now for your liking.
A giant cockroach is nearby!
The giant cockroach closely misses you. The giant cockroach misses you.
You bludgeon the giant cockroach!
You kill the giant cockroach!
No target in view!
No target in view!
You are feeling hungry.
You butcher the giant cockroach corpse.
m - 2 chunks of flesh Eating one of 2 chunks of flesh.
You eat one of the 2 chunks of flesh.
This raw flesh tastes great.
Eating a chunk of flesh.
You eat the chunk of flesh.
This raw flesh tastes great.
You see here a frilled lizard skeleton.
Done exploring.
Done exploring.
You see here a frilled lizard skeleton.
There is an empty arch of ancient stone here.
There is a gate leading back out of this place here.
Welcome back to the Dungeon!
There is a collapsed entrance here.
There is an open door here.
Found a stone staircase leading up.
Found an escape hatch in the floor.
Found a stone staircase leading up.
There is a stone staircase leading up here.
Natasha, Servant of Life and Death comes into view.
Natasha is nearby!
Natasha casts a spell.
Natasha claws you.
You take 3 damage, and have 39/42 hp.
You closely miss Natasha. Your grab misses Natasha.
Natasha drinks a potion.
Natasha flickers and vanishes!
Deactivating autopickup; reactivate with Ctrl-A.
You bludgeon something!
You hear some strange, mumbled words.
Something tries to affect you, but you resist.
You miss something.
Your tentacle-slap misses something.
The shadow imp sputters.
Something claws you.
You take 4 damage, and have 36/42 hp.
You tentacle-slap something but do no damage.
You hear some strange, mumbled words.
You feel yourself slow down.
You closely miss something. Your squeeze misses something. Something claws you!
You take 9 damage, and have 27/42 hp.
MASSIVE DAMAGE!!
You barely miss something. Something claws you!
* * * LOW HITPOINT WARNING * * *
Something claws you!
* * * LOW HITPOINT WARNING * * *
You take 16 damage, and have 11/42 hp.
MASSIVE DAMAGE!!
You tentacle-slap something. x2; Something claws you.
* * * LOW HITPOINT WARNING * * *
You take 3 damage, and have 8/42 hp.
You feel better.
You hear some strange, mumbled words.
A magic dart appears from out of thin air!
The magic dart hits you!
* * * LOW HITPOINT WARNING * * *
Something claws you.
* * * LOW HITPOINT WARNING * * *
You take 7 damage, and have 1/42 hp.
Really quaff
i - a potion of ambrosia {!q}?
Okay, then.
Really quaff
i - a potion of ambrosia {!q}?
You are confused.
You feel invigorated. Something claws you.
* * * LOW HITPOINT WARNING * * *
You regained 3 hp, and now have 4/42 hp.
You bump into the rock wall.
Something claws you.
* * * LOW HITPOINT WARNING * * *
The shadow imp shouts, "Turn tail, thou feckless full-gorged erk!"
Something claws you.
* * * LOW HITPOINT WARNING * * *
You regained 2 hp, and now have 6/42 hp.
You bump into the rock wall.
Something claws you.
* * * LOW HITPOINT WARNING * * *
You regained 4 hp, and now have 10/42 hp.
You bump into the rock wall.
Something claws you!
* * * LOW HITPOINT WARNING * * *
Something claws you!
* * * LOW HITPOINT WARNING * * *
You take 6 damage, and have 4/42 hp.
You miss something. Your squeeze misses something. Something claws you.
* * * LOW HITPOINT WARNING * * *
You regained 2 hp, and now have 6/42 hp.
You bump into the rock wall.
Something claws you.
* * * LOW HITPOINT WARNING * * *
You barely miss something.
You feel less invigorated.
You feel less confused. Something claws you!
* * * LOW HITPOINT WARNING * * *
Something claws you.
* * * LOW HITPOINT WARNING * * *
You take 5 damage, and have 1/42 hp.
You fade into invisibility!
Something claws you.
You die...

#.####.######
#.###...#####.# .
..............###.
..###...###### #..
### ##.## #.# #.#
#.# #.# #5#
######.# #{#
)......# #@#
######## #.# #.#
###############.#
#...............#
#.###############
#.# #.# ##<#


You could see a shadow imp.

Vanquished Creatures
  A bullfrog (Sewer)
  A vampire bat (D:3)
  A crimson imp (D:2)
  10 adders
  2 worms (D:2)
  4 leopard geckos
  An orc (D:3)
  4 bat skeletons (D:3)
  A bat zombie (D:3)
  6 giant cockroaches
  6 goblins
  5 hobgoblins
  6 kobolds
  2 quokkas
  A ball python (D:2)
  9 bats
  10 frilled lizards
  6 rats
76 creatures vanquished.

Notes
Turn   | Place    | Note
-------+----------+-------------------------------------------
     0 | D:1      | Monsterracer the Octopode Monk began the quest for the Orb.
     0 | D:1      | Reached XP level 1. HP: 16/16 MP: 1/1
   227 | D:1      | Reached XP level 2. HP: 18/21 MP: 2/2
   681 | D:2      | Noticed a crimson imp
   705 | D:2      | Killed a crimson imp
   705 | D:2      | Reached skill level 4 in Unarmed Combat
   705 | D:2      | Reached XP level 3. HP: 24/26 MP: 3/3
   897 | D:2      | Reached XP level 4. HP: 31/31 MP: 4/4
   930 | D:2      | Found a radiant altar of Vehumet.
  1392 | D:2      | Reached skill level 5 in Unarmed Combat
  1889 | D:3      | Found an ancient bone altar of Kikubaaqudgha.
  1934 | D:3      | HP: 15/31 [vampire bat (2)]
  1943 | D:3      | HP: 14/31 [vampire bat (2)]
  1946 | D:3      | Reached XP level 5. HP: 15/36 MP: 5/5
  2054 | D:3      | Reached skill level 6 in Unarmed Combat
  2092 | D:3      | Found a stormy altar of Qazlal.
  2419 | D:3      | Found a glowing drain.
  2424 | Sewer    | Entered a sewer
  2500 | Sewer    | Reached XP level 6. HP: 31/42 MP: 6/6
  2918 | D:3      | Noticed Natasha
  2928 | D:3      | HP: 19/42 [something (8)]
  2929 | D:3      | HP: 8/42 [something (4)]
  2930 | D:3      | HP: 1/42 [something (3)]
  2935 | D:3      | HP: 6/42 [something (4)]
  2937 | D:3      | HP: 1/42 [something (2)]
  2938 | D:3      | Slain by Natasha

Skill      XL: |  1  2  3  4  5 |
---------------+----------------+-----
Unarmed Combat | 4 5 6 |  6.4
Stealth        | 3 |  3.4
Fighting       | |  3.3
Dodging        | |  3.3

Action                   |  1- 3 |  4- 6 || total
-------------------------+-------+-------++-------
Melee: Unarmed           |    42 |   147 ||   189
       Constrict         |    12 |    35 ||    47
       Tentacles         |     8 |    19 ||    27
       Punch             |     1 |     8 ||     9
  Use: Scroll            |       |    14 ||    14
       Potion            |       |     3 ||     3
 Stab: Sleeping          |     8 |     9 ||    17
  Eat: Chunk             |       |     4 ||     4
       Ration            |       |     1 ||     1
Armor: Skin              |     2 |    19 ||    21
Dodge: Dodged            |    28 |   110 ||   138

Vault maps used:
D:1:      mrwooster_arrival_statue
D:2:      lemuel_round_altar
D:3:      kennysheep_vampire_church, portal_sewer_entry_e, grunt_qazlal_clouds,
          uniq_natasha
Sewer:    sewer_frog_island_01
